Map: 2000 Atmospheres LE

Players

Clem

  • Race: Terran Terran

Serral - Winner!

  • Race: Zerg Zerg

Event: DreamHack SC2 Masters 2021 Winter

VOD

Have the link to the VOD?

Description

Time

  • Played on: Oct. 15, 2021, 12:10 p.m.
  • Length: 21:32

All games in this series

Show
View Real Time Build Order
Export as new Build Order

Clem Terran 

Build Orders: Reaper Expand, Hellion Banshee 

Get SALT Encoding   

  12  0:00  SCV  
  13  0:12  SCV  
  14  0:16  Supply Depot  
  14  0:24  SCV  
  15  0:38  SCV  
  15  0:39  Barracks  
  16  0:44  Refinery  
  16  0:50  SCV  
  17  1:02  SCV  
  18  1:14  SCV  
  19  1:27  Reaper, Orbital Command  
  20  1:38  Command Center  
  20  1:46  Supply Depot  
  20  1:52  SCV  
  21  1:58  Marine  
  22  2:04  SCV  
  23  2:10  Factory  
  23  2:16  SCV  
  23  2:21  Barracks Reactor  
  24  2:28  SCV  
  25  2:37  Command Center  
  25  2:42  SCV  
  26  2:50  Orbital Command  
  26  2:54  SCV  
  26  2:57  Refinery  
  27  3:02  Starport  
  27  3:06  SCV  
  27  3:10  Hellion  
  30  3:14  Hellion  
  30  3:17  SCV  
  30  3:19  SCV  
  34  3:20  Barracks Tech Lab  
  34  3:29  SCV  
  34  3:31  Hellion, SCV  
  38  3:36  Hellion  
  38  3:41  SCV  
  41  3:43  SCV  
  42  3:50  Orbital Command  
  42  3:51  Banshee  
  42  3:52  Cloaking Field  
  45  3:57  Hellion  
  45  3:58  Hellion  
  45  3:59  SCV  
  45  4:00  SCV  
  51  4:07  Supply Depot  
  51  4:11  SCV, Barracks Tech Lab  
  51  4:12  SCV  
  51  4:16  SCV  
  54  4:20  Hellion  
  54  4:23  Supply Depot, SCV, Hellion  
  59  4:29  SCV  
  59  4:30  SCV  
  61  4:34  Supply Depot, Banshee  
  61  4:37  Stimpack  
  64  4:41  SCV  
  64  4:43  SCV  
  64  4:45  Barracks  
  66  4:47  Barracks  
  66  4:50  Refinery  
  66  4:53  Refinery, Orbital Command  
  66  4:55  SCV, Factory Reactor  
  66  4:57  Supply Depot, SCV  
  66  4:58  Marine  
  69  5:05  Engineering Bay  
  69  5:06  Engineering Bay  
  69  5:10  Supply Depot, SCV x2  
  71  5:16  Marine  
  72  5:22  SCV x2  
  74  5:28  SCV  
  74  5:30  Starport Reactor  
  74  5:33  Barracks  
  74  5:34  Marine, Barracks  
  74  5:35  Terran Infantry Weapons Level 1, Terran Infantry Armor Level 1  
  76  5:39  SCV  
  76  5:40  Marine  
  76  5:42  Marine  
  78  5:44  SCV  
  78  5:49  SCV, Siege Tank  
  82  5:53  Supply Depot  
  82  5:55  SCV, Marine  
  84  6:00  Marine  
  84  6:01  Supply Depot, Marine x2  
  84  6:03  SCV  
  88  6:05  SCV  
  88  6:08  Medivac  
  88  6:09  Medivac  
  93  6:14  SCV  
  93  6:16  Supply Depot  
  93  6:17  Marine x3  
  97  6:18  SCV  
  97  6:19  SCV  
  97  6:21  Combat Shield  
  97  6:23  Barracks Reactor x2  
  97  6:24  Marine  
  97  6:25  Marine  
  101  6:26  SCV  
  101  6:30  Supply Depot, SCV  
  103  6:34  SCV, Siege Tank  
  103  6:39  Marine x3  
  111  6:40  Supply Depot, SCV  
  111  6:42  SCV  
  111  6:46  Armory  
  112  6:48  Marine  
  112  6:49  Refinery  
  112  6:53  Command Center  
  113  6:56  Marine x2  
  113  6:57  SCV, Marine x2  
  113  6:58  Supply Depot, SCV  
  119  7:03  Marine x4  
  119  7:05  SCV  
  119  7:06  Medivac, Marine  
  124  7:14  Marine  
  119  7:18  SCV x3  
  119  7:20  Marine  
  114  7:22  Marine  
  114  7:23  Marine x3  
  105  7:30  SCV x2  
  105  7:31  SCV, Siege Tank  
  108  7:39  Terran Infantry Weapons Level 2  
  108  7:40  Marine  
  108  7:42  SCV  
  102  7:45  Marine x2  
  102  7:46  Marine  
  102  7:49  SCV  
  102  7:50  SCV  
  102  7:51  Marine  
  102  7:54  SCV  
  102  7:57  Medivac  
  104  8:01  SCV  
  104  8:02  Marine x3  
  104  8:04  Marine  
  104  8:05  SCV  
  110  8:07  SCV  
  110  8:12  Marine x3  
  114  8:13  Marine x2  
  114  8:14  SCV  
  114  8:19  SCV, Siege Tank  
  121  8:20  Marine  
  121  8:22  SCV  
  121  8:26  SCV  
  124  8:28  Marine x2  
  124  8:29  Marine  
  124  8:30  Marine x2  
  124  8:31  Marine x2  
  124  8:32  Marine  
  132  8:38  Marine  
  113  8:43  SCV x2  
  113  8:46  Marine x3  
  113  8:47  Marine x2  
  113  8:48  SCV  
  117  8:49  Marine  
  117  8:55  SCV x2  
  120  8:59  Medivac  
  120  9:00  SCV  
  123  9:03  Marine  
  123  9:04  Marine  
  125  9:13  Supply Depot, SCV x2, Siege Tank, Marine  
  125  9:15  Marine  
  125  9:16  SCV  
  133  9:19  Medivac  
  127  9:25  SCV  
  127  9:26  Supply Depot  
  127  9:29  SCV, Marine x3  
  127  9:30  Marine  
  133  9:33  Marine  
  133  9:35  Marine x2  
  133  9:40  Medivac, Marine  
  133  9:41  Marine  
  137  9:47  Marine x3  
  137  9:48  Marine  
  137  9:49  Bunker  
  137  9:50  Supply Depot, Marine  
  142  9:56  Marine x2  
  144  10:04  Supply Depot  
  144  10:06  Supply Depot  
  143  10:14  SCV x2, Marine x3  
  136  10:15  Siege Tank, Marine  
  136  10:19  Marine  
  118  10:27  Marine x2  
  118  10:28  Marine  
  118  10:31  Marine  
  118  10:32  Marine x2  
  118  10:35  SCV x2  
  121  10:36  SCV  
  121  10:40  Marine x3  
  126  10:45  Marine x2  
  126  10:48  Widow Mine, Marine  
  126  10:49  Drilling Claws, SCV, Marine x2  
  133  10:52  Terran Infantry Armor Level 2  
  133  10:55  SCV x2  
  136  11:02  SCV  
  134  11:07  SCV  
  134  11:08  SCV  
  136  11:12  Command Center  
  136  11:13  Widow Mine  
  137  11:20  Marine x3  
  137  11:21  Factory, Marine x2  
  137  11:22  Marine  
  143  11:26  Barracks Reactor, Marine  
  143  11:30  Refinery  
  143  11:31  Sensor Tower  
  144  11:34  Siege Tank  
  144  11:38  Supply Depot  
  144  11:41  Supply Depot, SCV x2  
  144  11:42  SCV  
  144  11:43  Terran Infantry Weapons Level 3  
  144  11:44  Marine  
  144  11:45  Marine  
  149  11:57  Supply Depot  
  149  11:58  SCV, Marine  
  149  11:59  Marine  
  149  12:00  Marine x3  
  152  12:02  Marine  
  152  12:03  Medivac  
  152  12:07  SCV  
  152  12:08  SCV, Marine  
  157  12:13  Widow Mine x2  
  162  12:20  Supply Depot  
  162  12:22  Widow Mine, Marine x2  
  165  12:23  Marine  
  165  12:24  Marine  
  165  12:25  Marine  
  167  12:34  Widow Mine  
  167  12:35  Supply Depot  
  167  12:36  Widow Mine, Marine  
  172  12:37  Supply Depot  
  172  12:40  Marine  
  172  12:42  Marine x2  
  172  12:43  SCV x2  
  172  12:44  Widow Mine  
  171  12:52  Supply Depot  
  171  12:53  Marine  
  171  12:54  Marine  
  171  12:56  Widow Mine  
  171  12:57  Widow Mine  
  171  12:58  Medivac  
  179  12:59  Marauder, Marine  
  179  13:04  SCV  
  179  13:05  Planetary Fortress  
  183  13:11  Widow Mine  
  184  13:14  SCV, Marine  
  184  13:18  Widow Mine  
  184  13:19  SCV  
  189  13:25  Terran Infantry Armor Level 3  
  187  13:31  Widow Mine  
  187  13:32  Widow Mine  
  188  13:40  Widow Mine  
  190  13:43  Command Center  
  190  13:53  Widow Mine  
  190  13:54  Widow Mine  
  190  14:01  Widow Mine  
  192  14:05  Marine  
  192  14:06  Marauder  
  192  14:09  Marine  
  193  14:12  Marine  
  193  14:13  Marine x2  
  193  14:14  Widow Mine  
  193  14:15  Widow Mine  
  191  14:18  Terran Vehicle And Ship Armor Level 1  
  191  14:22  Widow Mine, Marine  
  185  14:27  Marauder  
  185  14:28  Barracks Tech Lab  
  187  14:33  Barracks  
  187  14:34  Barracks  
  187  14:36  Widow Mine  
  187  14:37  Widow Mine  
  187  14:40  Medivac  
  187  14:42  Marine  
  187  14:44  Widow Mine  
  183  14:46  Marine x2  
  183  14:48  Medivac  
  184  14:57  Widow Mine, Command Center  
  184  14:58  Marauder, Widow Mine, Marine x2  
  190  15:05  Widow Mine  
  184  15:11  Marauder  
  184  15:13  Marine x2  
  162  15:14  SCV x2  
  162  15:18  Widow Mine  
  162  15:19  Marauder, Widow Mine  
  170  15:25  Barracks Tech Lab x2  
  170  15:26  Widow Mine, Ghost Academy  
  168  15:30  Marine x3  
  168  15:32  Marauder  
  164  15:35  Marine  
  164  15:36  Marine  
  164  15:40  Widow Mine  
  164  15:41  Marauder, Widow Mine  
  164  15:42  Refinery  
  172  15:43  Refinery  
  172  15:48  Widow Mine  
  174  15:51  Marauder x2  
  174  15:53  Marauder, Planetary Fortress  
  174  15:57  SCV  
  180  16:02  Marauder  
  181  16:06  Missile Turret  
  181  16:12  Ghost x2  
  181  16:14  Ghost  
  187  16:19  Siege Tank  
  187  16:23  Marine x2, Ghost  
  183  16:33  Medivac  
  185  16:40  Missile Turret, Ghost  
  185  16:42  Ghost  
  185  16:45  Marine x3  
  192  16:51  Siege Tank, Ghost  
  180  17:09  Ghost  
  180  17:10  Widow Mine x2  
  180  17:11  SCV x2  
  180  17:12  Marauder  
  180  17:13  SCV x2  
  180  17:14  Marine x2  
  184  17:21  Marauder  
  167  17:23  Siege Tank  
  167  17:26  Missile Turret  
  159  17:32  Supply Depot, Widow Mine  
  159  17:33  Widow Mine, Supply Depot  
  149  17:47  Missile Turret, Barracks Tech Lab  
  148  17:55  Barracks Tech Lab  
  148  17:56  Supply Depot  
  147  18:00  Supply Depot  
  147  18:17  SCV x3, Marine x4  
  147  18:18  Marauder x2, SCV, Medivac  
  145  18:20  Siege Tank  
  141  18:27  Ghost x2  
  141  18:29  Widow Mine  
  141  18:30  SCV  
  147  18:37  Missile Turret  
  147  18:39  Ghost  
  149  18:43  Barracks Tech Lab  
  149  18:45  Ghost  
  149  18:47  SCV  
  149  18:48  SCV  
  153  18:58  Supply Depot, Sensor Tower  
  153  19:00  Supply Depot  
  153  19:02  Supply Depot  
  153  19:05  SCV  
  154  19:12  Widow Mine, Siege Tank  
  146  19:20  SCV  
  143  19:25  Marauder, Marine  
  142  19:42  Missile Turret  
  142  19:44  Siege Tank  
  145  19:50  Widow Mine  
  147  19:53  Widow Mine  
  141  20:06  Marine  
  142  20:07  Marauder  
  142  20:09  Marine x2  
  142  20:12  Widow Mine  
  146  20:15  Widow Mine  
  146  20:17  Siege Tank  
  146  20:21  Marine x2  
  151  20:23  Marine x2  
  151  20:25  Marine  
  151  20:27  Marine  
  151  20:28  Marine  
  148  20:32  Marine  
  148  20:33  Widow Mine  
  146  20:36  Widow Mine  
  144  20:44  Ghost  
  144  20:49  Widow Mine  
  148  20:53  SCV x2  
  148  20:54  Ghost  
  152  21:01  Widow Mine  
  154  21:05  Supply Depot  
  154  21:08  Supply Depot, Missile Turret  
Show
View Real Time Build Order
Export as new Build Order

Serral Zerg - Winner!

Build Orders: Hatch First, Lurkers 

Get SALT Encoding   

  12  0:00  Drone  
  13  0:11  Overlord  
  13  0:16  Drone  
  14  0:30  Drone x2  
  16  0:47  Hatchery  
  15  0:50  Drone  
  15  0:54  Drone  
  17  0:57  Drone  
  18  1:07  Extractor  
  17  1:12  Spawning Pool  
  17  1:16  Drone  
  17  1:19  Drone  
  18  1:27  Drone  
  19  1:38  Drone  
  20  1:48  Drone  
  21  1:59  Queen x2  
  21  2:00  Zergling x4  
  27  2:10  Overlord  
  27  2:11  Drone  
  28  2:22  Hatchery  
  27  2:27  Drone  
  28  2:34  Drone  
  29  2:37  Drone  
  29  2:38  Drone  
  29  2:39  Metabolic Boost  
  29  2:44  Queen  
  31  2:50  Overlord  
  33  2:52  Drone  
  33  2:54  Drone  
  33  2:56  Drone  
  36  3:03  Overlord  
  36  3:09  Drone x4  
  40  3:15  Queen  
  40  3:19  Drone x2  
  44  3:24  Queen  
  46  3:31  Overlord  
  46  3:34  Queen  
  46  3:36  Drone  
  46  3:38  Drone  
  46  3:41  Drone x2  
  51  3:45  Drone x2  
  51  3:47  Zergling x4  
  56  3:51  Queen  
  58  3:57  Overlord  
  58  3:59  Zergling x4  
  58  4:00  Drone  
  61  4:04  Queen  
  61  4:08  Drone x3  
  66  4:12  Overlord  
  66  4:16  Queen  
  68  4:17  Drone  
  68  4:21  Overlord  
  68  4:22  Drone x2  
  71  4:25  Overlord  
  71  4:27  Zergling x2  
  71  4:28  Drone  
  71  4:29  Drone  
  74  4:32  Overlord  
  74  4:40  Drone x3, Evolution Chamber, Extractor  
  74  4:41  Drone, Evolution Chamber  
  74  4:45  Drone x2, Zergling x2  
  77  4:47  Drone  
  77  4:52  Zergling x2, Overlord  
  80  4:56  Drone x3  
  83  5:02  Spore Crawler  
  83  5:03  Spore Crawler  
  83  5:04  Drone  
  83  5:06  Spore Crawler  
  81  5:08  Zergling x4  
  81  5:09  Zerg Ground Armor Level 1, Zerg Melee Weapons Level 1  
  83  5:14  Spore Crawler  
  83  5:16  Drone x3  
  83  5:20  Drone x3  
  84  5:28  Zergling x4  
  84  5:30  Lair  
  84  5:34  Drone  
  84  5:35  Drone x4  
  88  5:39  Drone x2  
  88  5:40  Drone x2  
  88  5:42  Drone  
  92  5:45  Extractor x2  
  88  5:50  Drone x2  
  88  5:53  Baneling Nest  
  88  5:54  Drone x4  
  88  5:56  Overlord  
  95  5:57  Drone x2  
  95  6:05  Drone  
  95  6:10  Overlord  
  96  6:13  Zergling x6  
  96  6:16  Hatchery  
  96  6:18  Zergling x8  
  99  6:23  Zergling x4  
  104  6:25  Zergling x2  
  104  6:26  Zergling x2  
  104  6:29  Overseer  
  104  6:32  Overseer  
  106  6:34  Zergling x10  
  106  6:39  Centrifugal Hooks  
  111  6:41  Zergling x2  
  111  6:46  Zergling x8  
  111  6:47  Zergling x2  
  117  6:51  Zergling x2  
  117  6:52  Hatchery  
  117  6:54  Baneling x10  
  117  6:57  Zergling x4  
  119  7:04  Overlord x2  
  117  7:09  Zerg Melee Weapons Level 2  
  117  7:10  Zergling x8  
  116  7:16  Zergling x12  
  116  7:18  Zerg Ground Armor Level 2  
  116  7:19  Zergling x2  
  116  7:20  Zergling x2  
  116  7:28  Queen  
  116  7:29  Zergling x6  
  117  7:34  Zergling x2  
  115  7:38  Zergling x4  
  115  7:41  Baneling x2  
  115  7:42  Baneling  
  111  7:45  Zergling x8  
  111  7:51  Zergling x18  
  111  7:52  Baneling  
  111  7:53  Baneling x3  
  111  7:57  Zergling x2  
  120  8:00  Zergling x2  
  121  8:09  Baneling x13  
  121  8:10  Zergling x10  
  121  8:12  Hatchery, Baneling x2  
  125  8:13  Baneling x2  
  125  8:14  Zergling x6  
  125  8:17  Zergling x2  
  129  8:20  Baneling  
  129  8:21  Baneling x4  
  129  8:22  Zergling x16  
  137  8:27  Zergling x10  
  140  8:38  Zergling x12  
  138  8:42  Zergling x6  
  138  8:47  Queen  
  136  8:48  Zergling x6  
  136  8:53  Overlord x3  
  134  9:06  Overlord  
  132  9:16  Drone  
  132  9:17  Drone x10  
  139  9:30  Spore Crawler  
  135  9:31  Overseer  
  135  9:32  Hatchery  
  135  9:35  Baneling x10  
  135  9:36  Zergling x22  
  140  9:47  Drone x2  
  140  9:51  Zergling x4  
  143  9:55  Baneling x7  
  143  9:57  Zergling x2  
  143  9:58  Zergling x12  
  147  10:03  Zergling x10  
  149  10:11  Zergling x10  
  143  10:15  Zergling x2  
  143  10:19  Zergling x2  
  128  10:22  Zergling x4  
  123  10:30  Zergling x6  
  126  10:36  Infestation Pit  
  125  10:42  Drone  
  125  10:44  Zergling x32  
  140  10:51  Burrow  
  139  10:59  Overlord  
  139  11:02  Overlord  
  138  11:08  Drone x7  
  138  11:09  Drone x2  
  147  11:11  Zergling x28  
  147  11:16  Hive  
  160  11:18  Queen  
  160  11:19  Spore Crawler  
  160  11:20  Drone, Extractor  
  160  11:21  Drone x2  
  163  11:25  Baneling  
  163  11:26  Baneling x5  
  163  11:28  Pneumatized Carapace  
  163  11:29  Zergling x18  
  170  11:35  Drone x4  
  170  11:37  Extractor  
  170  11:39  Baneling  
  170  11:40  Overseer, Baneling x8  
  170  11:44  Drone x2  
  171  11:47  Drone x2  
  171  11:48  Drone  
  171  11:52  Baneling x5  
  171  11:53  Baneling x3  
  172  11:54  Zergling x20  
  180  12:07  Overlord  
  180  12:09  Hatchery  
  180  12:11  Drone x2  
  181  12:17  Zergling x12  
  187  12:27  Overlord x2  
  187  12:28  Zergling x32  
  179  12:38  Zergling x18  
  179  12:39  Zergling x14  
  170  12:45  Zergling x8  
  170  12:48  Baneling x6  
  171  12:59  Hydralisk Den  
  171  13:00  Zerg Ground Armor Level 3, Zerg Missile Weapons Level 1  
  171  13:02  Extractor  
  171  13:03  Drone x6, Extractor  
  174  13:05  Drone x2, Extractor  
  174  13:06  Drone, Zergling x2  
  174  13:07  Zergling x6  
  178  13:19  Zergling x26  
  188  13:24  Baneling x2  
  188  13:32  Lurker Den x2  
  188  13:33  Overlord  
  182  13:37  Extractor x2  
  182  13:38  Viper x2  
  183  13:44  Drone x2  
  183  13:45  Drone  
  186  13:49  Drone x3, Spine Crawler, Spore Crawler  
  186  13:50  Spore Crawler  
  186  13:54  Hydralisk x4, Muscular Augments  
  189  13:58  Overseer  
  189  14:02  Nydus Network  
  180  14:13  Drone  
  180  14:14  Drone x2  
  180  14:15  Hydralisk x4  
  188  14:22  Spore Crawler  
  186  14:29  Lurker x4  
  186  14:30  Adaptive Talons, Seismic Spines  
  188  14:33  Baneling x8  
  183  14:43  Spore Crawler  
  183  14:44  Zergling x20  
  188  14:48  Nydus Canal  
  181  14:52  Overseer  
  181  14:54  Lurker x2  
  181  14:55  Hydralisk x2, Lurker x2  
  189  15:02  Drone x2  
  189  15:05  Grooved Spines  
  179  15:08  Drone x4  
  179  15:09  Baneling  
  179  15:10  Hydralisk x3, Baneling  
  179  15:11  Hydralisk  
  153  15:18  Hydralisk x3  
  153  15:19  Hydralisk  
  154  15:27  Lurker x2  
  156  15:29  Drone x7  
  161  15:36  Baneling x2, Zergling x12  
  161  15:39  Lurker x2  
  161  15:42  Lurker x2  
  171  15:47  Lurker x2  
  173  15:51  Zerg Missile Weapons Level 2  
  173  15:53  Hydralisk x4  
  181  16:03  Nydus Canal  
  176  16:05  Lurker  
  176  16:06  Lurker  
  176  16:07  Hydralisk x5  
  188  16:16  Zerg Melee Weapons Level 3  
  188  16:22  Nydus Canal  
  188  16:31  Zergling x42  
  197  16:42  Lurker x3  
  197  16:46  Nydus Canal  
  197  16:51  Zergling x4  
  199  17:01  Baneling  
  199  17:02  Baneling x5  
  199  17:03  Hatchery  
  199  17:04  Nydus Canal  
  185  17:17  Zergling x38  
  188  17:25  Zergling x18  
  188  17:26  Zergling x10  
  190  17:41  Zergling x26  
  200  17:45  Baneling x14  
  200  17:46  Baneling x4  
  195  17:56  Overlord  
  195  17:58  Overlord  
  189  18:02  Baneling x6  
  173  18:07  Zergling x4, Hatchery  
  173  18:08  Zergling x30  
  186  18:17  Hydralisk x3, Swarm Host  
  190  18:23  Drone  
  191  18:31  Drone x2  
  191  18:32  Drone x6  
  199  18:47  Lurker x3  
  199  18:49  Overseer  
  199  18:51  Hatchery  
  199  18:53  Baneling x5  
  199  18:54  Baneling x3  
  198  19:02  Lurker  
  199  19:06  Overseer  
  177  19:17  Zergling x26  
  183  19:27  Hydralisk x2  
  183  19:28  Hatchery  
  183  19:39  Lurker x4  
  186  19:47  Zergling x16  
  186  19:51  Overseer  
  194  19:55  Overseer  
  177  20:10  Hydralisk x4  
  177  20:12  Overseer  
  177  20:13  Lurker  
  182  20:16  Zergling x20  
  188  20:25  Zergling x12  
  186  20:33  Overseer  
  171  20:38  Hydralisk x2  
  171  20:39  Hydralisk  
  174  20:56  Lurker x4  
  178  20:59  Hydralisk  
  178  21:00  Hydralisk x3  
  178  21:03  Baneling  
  178  21:04  Baneling x3  
  185  21:16  Lurker x2  

Tags
 
Add a new tag
Caveats
  • Supply blocks, unpowered buildings, or Contaminate may cause inaccurate times.
  • Supply counts are checked every 10 seconds.